 Dungeon Crawl Stone Soup version 0.25.1-2-g60ff931df9 (webtiles) character file.

Game seed: 1519600383758395558

146 dominus the Cudgeler (level 5, -1/47 HPs)
             Began as a Minotaur Fighter on Sept 6, 2020.
             Killed from afar by a hobgoblin (3 damage)
             ... with an iceblast
             ... on level 3 of the Dungeon.
             The game lasted 00:13:40 (1319 turns).

dominus the Cudgeler (Minotaur Fighter)             Turns: 1319, Time: 00:13:40

Health: -1/47      AC:  7    Str: 21    XL:     5   Next: 7%
Magic:  4/4        EV:  7    Int:  5    God:
Gold:   77         SH:  9    Dex: 10    Spells: 4/4 levels left

rFire    . . .     SeeInvis .   a - +0 flail
rCold    . . .     Gourm    .   c - +0 kite shield
rNeg     . . .     Faith    .   b - +0 scale mail
rPois    .         Spirit   .   (helmet restricted)
rElec    .         Reflect  .   (no cloak)
rCorr    .         Harm     .   (no gloves)
MR       .....                  (no boots)
Stlth    ..........             (no amulet)
HPRegen  0.15/turn              (no ring)
MPRegen  0.09/turn              (no ring)

@: no status effects
A: retaliatory headbutt, horns 2
a: no special abilities


You were on level 3 of the Dungeon.
You were not hungry.

You visited 1 branch of the dungeon, and saw 3 of its levels.

You collected 77 gold pieces.

Inventory:

Hand Weapons
 a - a +0 flail (weapon)
Missiles
 m - 2 boomerangs of dispersal (quivered)
Armour
 b - a +0 scale mail (worn)
 c - a +0 kite shield (worn)
Jewellery
 g - an uncursed ring of resist corrosion
Scrolls
 e - 2 scrolls of remove curse
 i - 2 scrolls of identify
 j - a scroll of enchant weapon {unknown}
Potions
 d - a potion of might
 h - a potion of magic {unknown}
 k - a potion of curing {unknown}
 l - a potion of stabbing {unknown}
Comestibles
 f - 4 rations
 o - 4 chunks of flesh


   Skills:
 + Level 4.6 Fighting
 * Level 4.9 Maces & Flails
 + Level 4.6 Armour
 - Level 3.6 Shields


You had 4 spell levels left.
You didn't know any spells.
Your spell library was empty.

Dungeon Overview and Level Annotations

Branches:
Dungeon (3/15)

Altars:
Sif Muna


Innate Abilities, Weirdness & Mutations

You reflexively headbutt those who attack you in melee.
You have a pair of horns on your head.


Message History

You hear a shout! x3
An orc comes into view.
The hobgoblin zaps a wand.
The mass of ice explodes!
The iceblast engulfs you!
Press: ? - help, v - describe, . - travel The floor.
A goblin comes into view. It is wielding a +0 club.
The goblin shouts!
A kobold comes into view.
The hobgoblin zaps a wand.
The mass of ice explodes!
The iceblast engulfs you!
* * * LOW HITPOINT WARNING * * *
You hear a shout!
You hear an angry hiss.
You sock the goblin!
You kill the goblin!
The kobold throws a stone.
You block the stone.
The hobgoblin zaps a wand.
The mass of ice explodes!
The iceblast engulfs you!
* * * LOW HITPOINT WARNING * * *
The hobgoblin zaps a wand.
The mass of ice explodes!
The iceblast engulfs you.
* * * LOW HITPOINT WARNING * * *
The hobgoblin zaps a wand.
The mass of ice explodes!
The iceblast engulfs you.
You die...

#...............####.##
....###.#.........# #.## ### #
###...#.........# #... # ..
##...###.........# #### #.
#.###..### #.........# #
#.##.#...## #.........###
#......#### #......<.....####
###.#.K.o.#####................
##....##g....@......... #...##
###...#########...>..... # #.##
#.....# #.........######...
#.###(###
###..#.......#........
#.....).###...#
.........######. #####.#K..#.##
.#.....# ###.
#.#..o...###.#.....# ####...
.......####.##..#.....###..[...
#####..# #.....#.....##...####


You could see an orc and a hobgoblin.

Vanquished Creatures
  An orc priest (D:3)
  4 adders
  An ooze (D:2)
  A worm (D:2)
  A dart slug (D:1)
  2 leopard geckos
  7 orcs (D:3)
  A ball python (D:2)
  A giant cockroach (D:1)
  6 goblins
  9 hobgoblins
  2 kobolds
  A quokka (D:3)
  13 bats
  6 frilled lizards
  9 rats
65 creatures vanquished.

Notes
Turn   | Place    | Note
-------+----------+-------------------------------------------
     0 | D:1      | dominus the Minotaur Fighter began the quest for the Orb.
     0 | D:1      | Reached XP level 1. HP: 19/19 MP: 0/0
   127 | D:1      | Reached XP level 2. HP: 27/27 MP: 1/1
   433 | D:1      | Reached XP level 3. HP: 33/33 MP: 2/2
   783 | D:2      | Found a shimmering blue altar of Sif Muna.
   864 | D:2      | You fall into a shaft and drop 1 floor!
   952 | D:3      | Reached XP level 4. HP: 41/41 MP: 3/3
  1263 | D:3      | Reached XP level 5. HP: 47/47 MP: 4/4
  1316 | D:3      | HP: 2/47 [hobgoblin/iceblast (6)]
  1319 | D:3      | Killed from afar by a hobgoblin

Illustrated notes

Levels and vault maps discovered:
D:1:      dpeg_arrival_short_road, layout_rooms
D:2:      layout_basic, lemuel_blue_sif_altar, hangedman_decor_diamond_cutter,
          okawaru_metal_pillars_1_2
D:3:      layout_rooms

Skill      XL: |  1  2  3 |
---------------+----------+-----
Maces & Flails | 3 4 |  4.9
Fighting       | 4 |  4.6
Armour         | 4 |  4.6
Shields        | |  3.6

Action                   |  1- 3 |  4- 6 || total
-------------------------+-------+-------++-------
Melee: Flail             |    86 |    75 ||   161
       Headbutt          |    12 |     9 ||    21
  Use: Scroll            |       |     1 ||     1
  Eat: Chunk             |       |     2 ||     2
Armor: Scale mail        |    41 |    39 ||    80
Dodge: Dodged            |    30 |    24 ||    54
Block: Kite shield       |    51 |    39 ||    90
